 Dungeon Crawl Stone Soup version 0.29-a0-323-g050149af67 (webtiles) character file.

Game seed: 2923459722822099142

267685 croobank the Warrior (level 20, -3/172 HPs)
             Began as a Hill Orc Fighter on Apr 9, 2022.
             Was a High Priest of Beogh.
             Killed from afar by a hellion (21 damage)
             ... with damnation
             ... on level 4 of the Abyss on Apr 10, 2022.
             The game lasted 04:32:42 (52121 turns).

croobank the Warrior (Hill Orc Fighter)            Turns: 52121, Time: 04:32:42

Health: -3/172     AC: 38    Str: 28    XL:     20   Next: 13%
Magic:  33/33      EV:  9    Int:  6    God:    Beogh [*****.]
Gold:   2811       SH: 19    Dex:  6    Spells: 11/19 levels left

rFire   + . .      SeeInvis .   N - +7 broad axe (venom)
rCold   + + .      Faith    +   J - +1 tower shield {reflect}
rNeg    . . .      Spirit   .   I - +8 scale mail of Zony {rCorr Slay+6}
rPois   .          Reflect  +   t - +2 helmet
rElec   .          Harm     .   V - scarf {rC+ rF+}
rCorr   +          Rampage  .   L - +2 pair of gloves
Will    +....                   r - +0 pair of boots
Stlth   ..........              u - amulet of faith
HPRegen 0.38/turn               Z - ring of the Tortoise {AC+8}
MPRegen 0.23/turn               m - ring of protection from cold

@: no status effects
A: walk on water, iridescent scales 1, dopey 1, frail 1, [clumsy 2]
}: 2/15 runes: serpentine, barnacled
a: Renounce Religion, Smiting, Recall Orcish Followers, Give Item to Named
Follower


You were on level 4 of the Abyss.
You worshipped Beogh.
Beogh was extremely pleased with you.
You visited 9 branches of the dungeon, and saw 36 of its levels.
You visited the Abyss 1 time.
You also visited: Sewer and Ice Cave.

You collected 3531 gold pieces.
You spent 720 gold pieces at shops.

Inventory:

Hand Weapons
 b - a +2 vorpal hand crossbow
 d - the +7 whip of Gyselon {flame, rCorr Str+4 Dex-3}
   (You took it off a merfolk impaler on level 4 of the Shoals)

   It burns those it strikes, dealing additional fire damage.
   Str:       It affects your strength (+4).
   Dex:       It affects your dexterity (-3).
   rCorr:     It protects you from acid and corrosion.
 e - a +0 battleaxe of freezing
 i - the +9 mace of Precise Incision {vorpal, MP+9 Int+3 SInv}
   (You found it on level 2 of the Dungeon)

   It inflicts extra damage upon your enemies.
   Int:       It affects your intelligence (+3).
   MP:        It affects your magic capacity (+9).
   SInv:      It lets you see invisible.
 F - the +6 eveningstar "Hugaob" {spect, rPois rC+ Dex+2 SInv}
   (You acquired it on level 1 of the Lair of Beasts)

   When its wielder attacks, the weapon's spirit leaps out and strikes again.
   The spirit shares a part of any damage it takes with its wielder.
   Dex:       It affects your dexterity (+2).
   rC:        It protects you from cold.
   rPois:     It protects you from poison.
   SInv:      It lets you see invisible.
 N - a +7 broad axe of venom (weapon)
Missiles
 o - 6 atropa-tipped darts
 H - 11 silver javelins
 K - 5 curare-tipped darts
 X - 8 boomerangs of dispersal
Armour
 r - a +0 pair of boots (worn)
 t - a +2 helmet (worn)
 I - the +8 scale mail of Zony (worn) {rCorr Slay+6}
   (You found it on level 12 of the Dungeon)

   Slay:      It affects your accuracy & damage with ranged weapons and melee
   (+6).
   rCorr:     It protects you from acid and corrosion.
 J - a +1 tower shield of reflection (worn)
 L - a +2 pair of gloves (worn)
 V - a scarf of resistance (worn)
 W - a +0 crystal plate armour of cold resistance
Jewellery
 m - a ring of protection from cold (right hand)
 u - an amulet of faith (around neck)
 A - the ring "Ahunny" {rElec Will+ Str-4 SInv}
   (You took it off a merfolk javelineer on level 4 of the Shoals)

   [ring of willpower]

   Str:       It affects your strength (-4).
   rElec:     It insulates you from electricity.
   SInv:      It lets you see invisible.
   Will:      It increases your willpower.
 B - a +4 ring of protection
 M - a ring of fire
 S - a ring of poison resistance
 U - a ring of willpower
 Z - the ring of the Tortoise (left hand) {AC+8}
   (You found it on level 14 of the Dungeon)

   [ring of protection]

   AC:        It affects your AC (+8).
Wands
 c - a wand of mindburst (29)
 q - a wand of acid (20)
 s - a wand of flame (50)
 Q - a wand of iceblast (16)
 T - a wand of charming (2)
Scrolls
 a - 4 scrolls of holy word
 g - 14 scrolls of teleportation
 h - a scroll of magic mapping
 p - a scroll of summoning
 v - 6 scrolls of fog
 G - 6 scrolls of silence
 P - 2 scrolls of fear
 R - 15 scrolls of identify
Potions
 f - a potion of resistance
 k - 10 potions of lignification
 l - 2 potions of magic
 n - 17 potions of curing
 w - 7 potions of mutation
 x - 2 potions of cancellation
 z - 4 potions of invisibility
 D - 3 potions of flight
Miscellaneous
 j - a lightning rod (4/4)
 O - a tin of tremorstones (2/2)
 Y - a condenser vane


   Skills:
 + Level 19.6 Fighting
 + Level 13.9(18.0) Axes
 - Level 15.8(17.3) Maces & Flails
 + Level 18.1 Armour
 + Level 18.2 Shields
 + Level 18.5 Invocations


You had 11 spell levels left.
You knew the following spells:

 Your Spells              Type           Power      Damage    Failure   Level
a - Apportation           Tloc           0%         N/A       91%         1
b - Summon Small Mammal   Summ           0%         N/A       91%         1
c - Dazzling Flash        Conj/Hex       0%         N/A       99%         3
d - Mephitic Cloud        Conj/Pois/Air  0%         N/A       99%         3

Your spell library contained the following spells:

 Spells                   Type           Power      Damage    Failure   Level
 Animate Skeleton         Necr           0%         N/A       91%         1
 Magic Dart               Conj           0%         1d3       91%         1
 Pain                     Necr           0%         1d4       91%         1
 Blink                    Tloc           0%         N/A       97%         2
 Call Imp                 Summ           0%         N/A       97%         2
 Scorch                   Fire           0%         2d5       97%         2
 Static Discharge         Conj/Air       0%         N/A       97%         2
 Call Canine Familiar     Summ           0%         N/A       99%         3
 Gell's Gravitas          Tloc           0%         N/A       99%         3
 Inner Flame              Hex/Fire       0%         N/A       99%         3
 Lesser Beckoning         Tloc           0%         N/A       99%         3
 Ozocubu's Armour         Ice            0%         N/A       99%         3
 Stone Arrow              Conj/Erth      0%         3d7       99%         3
 Summon Guardian Golem    Hex/Summ       0%         N/A       99%         3
 Teleport Other           Tloc           0%         N/A       99%         3
 Tukima's Dance           Hex            0%         N/A       99%         3
 Animate Armour           Summ/Erth      0%         N/A       100%        4
 Animate Dead             Necr           0%         N/A       100%        4
 Cause Fear               Hex            0%         N/A       100%        4
 Dispel Undead            Necr           0%         3d6       100%        4
 Flame Wave               Conj/Fire      0%         2d4       100%        4
 Iskenderun's Mystic Bla  Conj/Tloc      0%         2d3       100%        4
 Passage of Golubria      Tloc           0%         N/A       100%        4
 Petrify                  Tmut/Erth      0%         N/A       100%        4
 Sticky Flame             Conj/Fire      0%         2d3       100%        4
 Summon Ice Beast         Ice/Summ       0%         N/A       100%        4
 Agony                    Necr           0%         N/A       100%        5
 Blade Hands              Tmut           0%         N/A       100%        5
 Borgnjor's Vile Clutch   Necr/Erth      0%         N/A       100%        5
 Excruciating Wounds      Necr           0%         N/A       100%        5
 Fireball                 Conj/Fire      0%         3d3       100%        5
 Irradiate                Conj/Tmut      0%         3d13      100%        5
 Iskenderun's Battlesphe  Conj           0%         2d6       100%        5
 Lightning Bolt           Conj/Air       0%         1d11      100%        5
 Manifold Assault         Tloc           0%         N/A       100%        5
 Metabolic Englaciation   Hex/Ice        0%         N/A       100%        5
 Silence                  Hex/Air        0%         N/A       100%        5
 Summon Mana Viper        Hex/Summ       0%         N/A       100%        5
 Yara's Violent Unravell  Hex/Tmut       0%         3d3       100%        5
 Conjure Ball Lightning   Conj/Air       0%         3x3d6     100%        6
 Death Channel            Necr           0%         N/A       100%        6
 Simulacrum               Ice/Necr       0%         N/A       100%        6
 Starburst                Conj/Fire      0%         6d3       100%        6
 Statue Form              Tmut/Erth      0%         N/A       100%        6
 Summon Cactus Giant      Summ           0%         N/A       100%        6
 Dragon Form              Tmut           0%         N/A       100%        7
 Monstrous Menagerie      Summ           0%         N/A       100%        7
 Orb of Destruction       Conj           0%         9d5       100%        7
 Spellforged Servitor     Conj/Summ      0%         N/A       100%        7
 Storm Form               Tmut/Air       0%         N/A       100%        7
 Discord                  Hex            0%         N/A       100%        8
 Lehudib's Crystal Spear  Conj/Erth      0%         10d2      100%        8
 Maxwell's Capacitive Co  Air            0%         ∞         100%        8


Dungeon Overview and Level Annotations

Branches:
Dungeon (15/15)            Temple (0/1) D:5            Lair (6/6) D:9
 Shoals (4/4) Lair:4        Snake (4/4) Lair:4        Slime (1/5) Lair:5
    Orc (2/2) D:9             Elf (2/3) Orc:2        Vaults (1/5) D:13
 Depths (1/4) D:15          Sewer (visited)           IceCv (visited)

Altars:
Cheibriados
Dithmenos
Elyvilon
Gozag
Okawaru
Ru
Vehumet
Wu Jian
Yredelemnul
The Shining One
Beogh

Shops:
D:10 (   Orc:1 ([!   Orc:2 [(:[   Snake:1 [

Portals:
Hell: Depths:1
Ziggurat: Depths:1

Annotations:
Snake:4 Vashnia
Elf:2 3 runed translucent doors


Innate Abilities, Weirdness & Mutations

You can walk on water.
You are partially covered in iridescent scales. (AC +2)
You are dopey. (Int -2)
You are frail. (-10% HP)
[You are very clumsy. (Dex -4)]


Message History

A starcursed mass splits.
The kobold demonologist begins to cast a cantrip, but forgets the words!
The soul eater hits you.
The soul eater attacks as you move away!
You block the soul eater's attack. A chorus of shrieks assaults your mind.
* * * LOW HITPOINT WARNING * * *
The kobold demonologist gestures wildly while chanting.
You block the fire elemental's attack. A chorus of shrieks assaults your mind.
* * * LOW HITPOINT WARNING * * *
The hellwing is engulfed in blazing flames.
The smoke demon is engulfed in blazing flames.
The hellwing is engulfed in blazing flames.
The hellwing swoops through the air toward you!
You block the hellwing's attack. The hellwing hits you.
* * * LOW HITPOINT WARNING * * *
The smoke demon is engulfed in blazing flames.
The hellwing barely misses you. You block the hellwing's attack.
You feel much better. The fire elemental closely misses you.
The smoke demon is engulfed in blazing flames.
The soul eater is engulfed in blazing flames.
You block the fire elemental's attack. You block the hellwing's attack. x2
Okay, then.
Blink to where?
Press: ? - help, Dir - move target
As you read the scroll of blinking, it crumbles to dust.
A large abomination comes into view.
A white very ugly thing comes into view.
A hellion comes into view.
The hellion gives a hideous shriek!
The white very ugly thing gurgles horribly!
The hellion gestures at you.
The sphere of damnation explodes!
The damnation engulfs you!!!
* * * LOW HITPOINT WARNING * * *
As you read the scroll of summoning, it crumbles to dust.
Wisps of shadow whirl around you... The hellion gestures at you.
The sphere of damnation explodes!
The damnation engulfs you!!
You die...

. . . ##.# ###
#...#. ..2.
#.#..#u....
.#..#... .#
#..... #... #.G.#
.. ..... ##@##
#.#
.....###...###...
. ....#XXX.4# ...
#........X.X....
##....#...E.#....
#....###..○###...
#.### ##.## #.#
..... ##.°.## ..
.....#.. ..#....


You could see a white very ugly thing, 2 large abominations, a hellion, a fire
elemental, a friendly eye of devastation (summoned), 3 friendly thrashing
horrors and a friendly hellwing (summoned).

Vanquished Creatures
  Rupert (D:14)
  A walking frostbound tome (Depths:1)
  Asterion (Snake:4)
  5 acid blobs
  A storm dragon (Shoals:4)
  4 nagarajas
  Ilsuiw (Shoals:3)
  A fire giant (Depths:1)
  A frost giant (Shoals:1)
  An orc warlord (Orc:2)
  A deep elf sorcerer (Elf:1)
  Aizul (Snake:1)
  An ironbound preserver (Vaults:1)
  6 very ugly things
  3 stone giants
  2 vampire knights (Depths:1)
  A spark wasp (Depths:1)
  A deep elf death mage (Elf:1)
  6 merfolk javelineers
  4 merfolk impalers (Shoals:4)
  A fire dragon (Depths:1)
  A great orb of eyes (Vaults:1)
  A salamander tyrant (Snake:4)
  7 hydras
  An ice dragon (Depths:1)
  A peacekeeper (Elf:1)
  A rakshasa (Depths:1)
  14 naga warriors
  Erolcha (D:13)
  An ironbound frostheart (Vaults:1)
  A spriggan skeleton (Depths:1)
  2 catoblepae
  A boulder beetle (D:13)
  4 anacondas
  The ghost of snetch the Thaumaturge, a journeyman DjFE of Makhleb (D:10)
  3 merfolk avatars
  7 merfolk aquamancers
  3 centaur warriors
  7 dancing weapons
  4 two-headed ogres
  10 naga sharpshooters
  2 satyrs
  A deep troll earth mage (D:15)
  A deep troll shaman (Depths:1)
  2 orc high priests
  4 thrashing horrors
  5 death yaks (Lair:5)
  11 shock serpents
  A wretched star (Abyss:4)
  12 deep elf knights
  An iron troll (D:15)
  7 salamander mystics
  3 goliath frogs (Lair:6)
  5 deep trolls
  17 sea snakes
  A glowing orange brain (Depths:1)
  8 deep elf archers
  17 harpies
  3 naga ritualists
  A sphinx zombie (Depths:1)
  11 deep elf zephyrmancers
  4 necromancers
  3 orc knights
  19 deep elf pyromancers
  14 mana vipers
  2 orc sorcerers
  13 cyclopes
  8 fauns
  10 manticores
  A frost giant zombie (Depths:1)
  14 salamanders
  12 ugly things
  A wolf spider (D:15)
  11 elephants
  Joseph (D:8)
  10 merfolk sirens
  31 black mambas
  13 naga magi
  An eye of devastation (Depths:1)
  2 guardian serpents (Snake:2)
  2 ice statues
  4 water nymphs
  2 yaktaurs (D:15)
  20 cane toads
  2 rime drakes
  A kobold demonologist (D:10)
  2 efreet
  3 freezing wraiths
  12 komodo dragons
  3 anaconda simulacra (IceCv)
  An entropy weaver simulacrum (IceCv)
  11 ice devils (IceCv)
  A troll (shapeshifter) (Depths:1)
  5 trolls
  A red devil (Abyss:4)
  2 hornets
  16 merfolk
  2 polar bears
  2 meliai (D:13)
  2 tyrant leeches (Lair:6)
  2 burning bushes (Lair:2)
  13 wind drakes
  3 raiju (Abyss:3)
  5 snapping turtles
  21 blink frogs
  14 slime creatures
  Grinder (D:4)
  8 air elementals
  7 wyverns
  52 yaks
  27 water elementals
  3 dire elephant simulacra (IceCv)
  Sigmund (D:2)
  2 shadows
  2 vampires
  A ynoxinul (Abyss:3)
  7 basilisks
  A steam dragon (D:7)
  A neqoxec (Abyss:3)
  A wraith (D:10)
  3 fire elementals
  3 wargs
  8 vampire mosquitoes
  5 death yak simulacra (IceCv)
  Duvessa (D:6)
  40 nagas
  19 water moccasins
  3 sky beasts
  2 black bears
  15 orc warriors
  8 ogres
  10 wolves
  A tengu (shapeshifter) (D:13)
  12 centaurs
  2 phantoms
  12 bullfrogs
  3 kobold brigands
  6 scorpions
  3 cane toad simulacra (IceCv)
  A gnoll sergeant (D:9)
  An earth elemental (Elf:1)
  8 wights
  Dowan (D:6)
  6 killer bees
  An elephant simulacrum (IceCv)
  3 electric eels (Lair:3)
  10 howler monkeys
  4 hounds
  4 jellies
  Crazy Yiuf (D:2)
  A gnoll shaman (D:8)
  8 orc priests
  2 iguanas (D:5)
  5 orc wizards
  14 hell rats
  A spriggan simulacrum (IceCv)
  A polar bear simulacrum (IceCv)
  A troll simulacrum (IceCv)
  4 wolf simulacra (IceCv)
  Robin (D:2)
  6 gnolls
  11 adders
  2 naga simulacra (IceCv)
  2 river rats (Sewer)
  2 shadow imps
  2 white imps
  3 ufetubi
  2 worms
  2 dart slugs
  34 orcs
  4 ball pythons
  6 endoplasms
  3 giant cockroaches
  13 goblins
  5 hobgoblins
  5 jackals
  6 quokkas
  5 bats
  5 frilled lizards
  21 kobolds
  14 rats
  A withered plant (D:15)
1052 creatures vanquished.

Vanquished Creatures (collateral kills)
  2 acid blobs (Slime:1)
  A nagaraja (Snake:2)
  A fire giant (Depths:1)
  An orc warlord (Orc:1)
  5 very ugly things (Depths:1)
  A quicksilver ooze (Slime:1)
  3 stone giants
  A deep elf annihilator (Elf:1)
  A dire elephant (Lair:6)
  A merfolk javelineer (Shoals:4)
  A fire dragon (Depths:1)
  An ettin (Depths:1)
  A rakshasa (Depths:1)
  2 naga warriors (Snake:1)
  3 hydras
  A peacekeeper (Elf:1)
  A salamander tyrant (Snake:4)
  2 anacondas
  2 dancing weapons (Elf:2)
  A deep troll shaman (Depths:1)
  A naga sharpshooter (Snake:3)
  An orc high priest (Orc:2)
  A salamander mystic (Snake:4)
  A deep troll (Depths:1)
  An iron troll (D:15)
  2 sea snakes
  5 naga ritualists
  A deep elf archer (Elf:2)
  5 ugly things
  2 harpies (D:15)
  An orc knight (D:15)
  8 deep elf pyromancers
  A manticore (D:15)
  A faun (Shoals:2)
  2 mana vipers (Snake:1)
  A shining eye (Slime:1)
  5 deep elf zephyrmancers
  An oklob plant (Lair:5)
  An orc sorcerer (Orc:2)
  A salamander (Snake:2)
  2 cyclopes
  7 black mambas
  A water nymph (Shoals:4)
  A vault sentinel (Vaults:1)
  A merfolk siren (Shoals:2)
  A guardian serpent (shapeshifter) (Orc:2)
  3 naga magi
  A guardian serpent (Snake:4)
  2 ice devils (IceCv)
  A freezing wraith (D:15)
  2 merfolk
  A meliai (D:13)
  8 slime creatures
  2 blink frogs (Lair:6)
  6 water elementals
  A shadow (D:10)
  2 wraiths (D:11)
  4 yaks
  A vampire mosquito (D:14)
  2 basilisks (D:15)
  2 wargs (Orc:1)
  A death yak simulacrum (IceCv)
  7 nagas
  A water moccasin (Snake:1)
  4 orc warriors
  An ogre (Orc:1)
  A wolf (Lair:6)
  A glowing shapeshifter simulacrum (Depths:1)
  2 cane toad simulacra (IceCv)
  2 earth elementals
  2 elephant simulacra (IceCv)
  A howler monkey (D:13)
  5 orc priests
  10 orc wizards
  A polar bear simulacrum (IceCv)
  A gnoll (D:9)
  26 orcs
  2 kobolds (D:10)
193 creatures vanquished.

Vanquished Creatures (others)
  A nagaraja (Snake:4)
  2 merfolk aquamancers (Shoals:4)
  22 orc warriors
  17 orc knights
  3 orc sorcerers
  2 naga magi
  19 orc priests
  A naga (Snake:3)
  18 orc wizards
  65 orcs
  64 fungi
  125 plants
  8 starspawn tentacles (Abyss:3)
347 creatures vanquished.

Grand Total: 1592 creatures vanquished

Notes
Turn   | Place    | Note
-------+----------+-------------------------------------------
     0 | D:1      | croobank the Hill Orc Fighter began the quest for the Orb.
     0 | D:1      | Reached XP level 1. HP: 19/19 MP: 1/1
   118 | D:1      | Reached XP level 2. HP: 20/27 MP: 2/2
   974 | D:1      | Reached skill level 4 in Fighting
  1076 | D:2      | Found a runed translucent door.
  1077 | D:2      | Noticed Crazy Yiuf
  1084 | D:2      | Killed Crazy Yiuf
  1085 | D:2      | Reached XP level 3. HP: 4/33 MP: 3/3
  1090 | D:2      | Identified the +9 mace of Precise Incision {vorpal, MP+9
                  | Int+3 SInv}
  1365 | D:2      | Reached XP level 4. HP: 40/40 MP: 4/4
  1442 | D:2      | Noticed Sigmund
  1458 | D:2      | Killed Sigmund
  1459 | D:2      | Reached XP level 5. HP: 41/47 MP: 5/5
  1534 | D:2      | Reached XP level 6. HP: 55/55 MP: 6/6
  1594 | D:2      | Learned a level 1 spell: Apportation
  1596 | D:2      | Learned a level 1 spell: Summon Small Mammal
  1615 | D:2      | Noticed Robin
  1648 | D:2      | Killed Robin
  2061 | D:3      | Noticed a sky beast
  2072 | D:3      | Killed a sky beast
  2073 | D:3      | Reached skill level 5 in Fighting
  2245 | D:3      | Learned a level 3 spell: Dazzling Flash
  2312 | D:3      | Found an iron altar of Okawaru.
  2562 | D:4      | Reached XP level 7. HP: 48/61 MP: 7/7
  2707 | D:4      | Found a snail-covered altar of Cheibriados.
  2710 | D:4      | Found an ornate altar of the Wu Jian Council.
  2710 | D:4      | Found a shadowy altar of Dithmenos.
  2713 | D:4      | Found a glowing golden altar of the Shining One.
  2713 | D:4      | Noticed Grinder
  2720 | D:4      | Killed Grinder
  2721 | D:4      | Reached skill level 5 in Armour
  2721 | D:4      | Reached skill level 5 in Shields
  3174 | D:5      | Entered Level 5 of the Dungeon
  3188 | D:5      | Reached skill level 5 in Maces & Flails
  3192 | D:5      | Found a glowing drain.
  3208 | Sewer    | Entered a sewer
  3469 | D:5      | Reached XP level 8. HP: 66/68 MP: 8/8
  3496 | D:5      | Found a staircase to the Ecumenical Temple.
  3504 | D:5      | Reached skill level 6 in Fighting
  4108 | D:5      | Noticed a wyvern
  4115 | D:5      | Killed a wyvern
  4425 | D:5      | Noticed a wyvern
  4457 | D:5      | Killed a wyvern
  4458 | D:5      | Reached skill level 7 in Fighting
  4458 | D:5      | Reached XP level 9. HP: 43/79 MP: 9/9
  5412 | D:6      | Found a basalt altar of Yredelemnul.
  5641 | D:6      | Noticed Duvessa
  5641 | D:6      | Noticed Dowan
  5662 | D:6      | Killed Duvessa
  5666 | D:6      | Killed Dowan
  6087 | D:7      | Noticed a hornet
  6095 | D:7      | Killed a hornet
  6116 | D:7      | Became a worshipper of Beogh the Brigand
  6232 | D:7      | Reached skill level 8 in Fighting
  6536 | D:7      | Reached XP level 10. HP: 68/88 MP: 10/10
  7233 | D:8      | Reached * piety under Beogh
  7453 | D:8      | Noticed Joseph
  7473 | D:8      | Killed Joseph
  7852 | D:8      | Reached skill level 10 in Maces & Flails
  8810 | D:9      | Found a staircase to the Lair.
  8850 | D:9      | Reached skill level 9 in Fighting
  8855 | D:9      | Noticed a two-headed ogre
  8863 | D:9      | Killed a two-headed ogre
  8885 | Lair:1   | Entered Level 1 of the Lair of Beasts
  8981 | Lair:1   | Reached XP level 11. HP: 89/97 MP: 11/11
  9022 | Lair:1   | Identified the +1 ring mail "Nyados" {Int+4}
  9037 | Lair:1   | Reached ** piety under Beogh
  9055 | Lair:1   | Identified a scroll of acquirement
  9056 | Lair:1   | Acquired the +6 eveningstar "Hugaob" {spect, rPois rC+
                  | Dex+2 SInv}
  9319 | Lair:1   | Learned a level 3 spell: Mephitic Cloud
  9377 | Lair:1   | Reached skill level 10 in Fighting
 10095 | Lair:2   | Noticed a four-headed hydra
 10128 | Lair:2   | Killed a four-headed hydra
 11015 | Lair:3   | Reached skill level 1 in Invocations
 11023 | Lair:3   | Gained mutation: You are somewhat resistant to further
                  | mutation. [potion of mutation]
 11023 | Lair:3   | Gained mutation: You have large cloven feet. [potion of
                  | mutation]
 11045 | Lair:3   | Found a shadowy altar of Dithmenos.
 11060 | Lair:3   | Reached XP level 12. HP: 92/108 MP: 13/13
 11169 | Lair:3   | Reached skill level 10 in Armour
 11169 | Lair:3   | Reached skill level 10 in Shields
 11811 | Lair:3   | Reached skill level 11 in Fighting
 12030 | Lair:3   | Noticed a four-headed hydra
 12038 | Lair:3   | Killed a four-headed hydra
 12425 | Lair:3   | Reached *** piety under Beogh
 13300 | Lair:4   | Reached skill level 5 in Invocations
 13595 | Lair:4   | Noticed a seven-headed hydra
 13604 | Lair:4   | Killed a seven-headed hydra
 13605 | Lair:4   | Reached XP level 13. HP: 90/117 MP: 17/17
 13697 | Lair:4   | Found a staircase to the Shoals.
 13718 | Lair:4   | Reached **** piety under Beogh
 13776 | Lair:4   | Reached skill level 12 in Fighting
 13840 | Lair:4   | Found a staircase to the Snake Pit.
 14820 | Lair:5   | Found a staircase to the Slime Pits.
 15050 | Lair:5   | Reached skill level 15 in Maces & Flails
 15439 | Lair:5   | Got the Reference Book on Companions and Dislocation
 15699 | Lair:6   | Entered Level 6 of the Lair of Beasts
 15971 | Lair:5   | Reached XP level 14. HP: 36/118 MP: 20/20
 16366 | Lair:6   | Reached ***** piety under Beogh
 16552 | Lair:6   | Reached skill level 13 in Fighting
 16668 | Lair:6   | Noticed a dire elephant
 16678 | Lair:6   | Killed a dire elephant
 16682 | Lair:6   | Gained Korbok as an ally
 17898 | D:9      | Found a staircase to the Orcish Mines.
 18073 | D:9      | Gained Geork as an ally
 18376 | Orc:1    | Entered Level 1 of the Orcish Mines
 18480 | Orc:1    | Found Kuas's Antique Weapon Shop.
 18488 | Orc:1    | Found Zur Toiq's Armour Boutique.
 18507 | Orc:1    | Noticed an orc warlord
 18529 | Orc:1    | Killed an orc warlord
 19102 | Orc:1    | Bought a +3 plate armour of cold resistance for 720 gold
                  | pieces
 19180 | Orc:1    | Found a roughly hewn altar of Beogh.
 19192 | Orc:1    | Found Duteddis's Distillery.
 19280 | Orc:2    | Entered Level 2 of the Orcish Mines
 19479 | Orc:2    | Found a roughly hewn altar of Beogh.
 19481 | Orc:2    | Found Onkogua's Book Boutique.
 19564 | Orc:2    | Noticed an orc warlord
 19576 | Orc:2    | Killed an orc warlord
 19577 | Orc:2    | Reached skill level 10 in Invocations
 19775 | Orc:2    | Noticed Saint Roka
 19782 | Orc:2    | Found Zomaafea's Antique Armour Shoppe.
 19782 | Orc:2    | Found a roughly hewn altar of Beogh.
 19786 | Orc:2    | Saint Roka changed into Saint Roka the shapeshifter
 19794 | Orc:2    | Found Ditsiaze's Antique Weapon Emporium.
 20126 | Orc:2    | Gained Oreg as an ally
 20132 | Orc:2    | Found a staircase to the Elven Halls.
 20187 | Orc:2    | Found a roughly hewn altar of Beogh.
 20338 | Orc:2    | Found Zoweifa's Antique Armour Boutique.
 20362 | Orc:2    | Found a roughly hewn altar of Beogh.
 21165 | Snake:1  | Entered Level 1 of the Snake Pit
 21202 | Snake:1  | Reached skill level 14 in Fighting
 21227 | Snake:1  | Your ally Geork died
 21229 | Snake:1  | Your ally Korbok died
 21764 | Snake:1  | Reached XP level 15. HP: 138/138 MP: 19/23
 21764 | Snake:1  | Upgraded the game from 0.29-a0-322-g68df515428 to
                  | 0.29-a0-323-g050149af67
 22186 | Snake:1  | Gained Morguth as an ally
 22587 | Snake:1  | Noticed Aizul
 22593 | Snake:1  | Killed Aizul
 22707 | Snake:1  | Found Ceoq's Armour Boutique.
 22878 | Snake:2  | Noticed a nagaraja
 22883 | Snake:2  | Killed a nagaraja
 22891 | Snake:2  | Gained Bogwik as an ally
 22892 | Snake:2  | Gained Bogward as an ally
 22911 | Snake:2  | Noticed a nagaraja
 22922 | Snake:2  | Killed a nagaraja
 23513 | D:10     | Entered Level 10 of the Dungeon
 23736 | D:10     | Found a sacrificial altar of Ru.
 23757 | D:10     | Noticed snetch's ghost (journeyman DjFE)
 23774 | D:10     | Found a transporter.
 23774 | D:10     | Found a transporter.
 23995 | D:10     | Found Mapaur's Antique Weapon Shoppe.
 24268 | D:11     | Found a frozen archway.
 24277 | IceCv    | Entered an ice cave
 24683 | IceCv    | Reached skill level 15 in Fighting
 24764 | IceCv    | Found an ancient bone altar of Kikubaaqudgha.
 25180 | IceCv    | Gained Morguth as an ally
 25709 | D:11     | You fall into a shaft and drop 2 floors!
 25753 | D:13     | Reached ****** piety under Beogh
 25967 | D:13     | Found a gate to the Vaults.
 25981 | D:13     | Noticed Erolcha
 25987 | D:13     | Killed Erolcha
 25990 | D:13     | Found an opulent altar of Gozag.
 26104 | D:12     | Identified the +8 scale mail of Zony {rCorr Slay+6}
 26392 | D:12     | Reached XP level 16. HP: 142/149 MP: 25/25
 27684 | D:14     | Found a radiant altar of Vehumet.
 27757 | D:14     | Noticed Rupert
 27783 | D:14     | Killed Rupert
 28584 | D:14     | Found the ring of the Tortoise {AC+8}
 28658 | D:15     | Entered Level 15 of the Dungeon
 28689 | D:15     | Found a staircase to the Depths.
 28787 | D:15     | Gained Morguth as an ally
 28916 | D:15     | Found an ornate altar of the Wu Jian Council.
 29858 | D:15     | Reached skill level 16 in Fighting
 29935 | Depths:1 | Entered Level 1 of the Depths
 29946 | Depths:1 | Reached skill level 5 in Axes
 29952 | Depths:1 | Your ally Morguth died
 29953 | Depths:1 | Gained Wargath as an ally
 29954 | Depths:1 | Reached skill level 15 in Shields
 29958 | Depths:1 | Your ally Wargath died
 30694 | Depths:1 | Reached skill level 15 in Armour
 31191 | Depths:1 | Found a one-way gateway to a ziggurat.
 31296 | Depths:1 | Your ally Bogward died
 31306 | Depths:1 | Your ally Morguth died
 31307 | Depths:1 | Your ally Bogwik died
 31766 | Depths:1 | Paralysed by a vampire knight for 2 turns
 31858 | Depths:1 | Noticed a walking frostbound tome
 31866 | Depths:1 | Killed a walking frostbound tome
 31867 | Depths:1 | Reached XP level 17. HP: 50/160 MP: 27/27
 32392 | Depths:1 | Found a gateway to Hell.
 33210 | D:10     | Lost mutation: You are somewhat resistant to further
                  | mutation. [potion of mutation]
 33210 | D:10     | Lost mutation: You have large cloven feet. [potion of
                  | mutation]
 33210 | D:10     | Gained mutation: You are dopey. (Int -2) [potion of
                  | mutation]
 33210 | D:10     | Gained mutation: You are partially covered in iridescent
                  | scales. (AC +2) [potion of mutation]
 33240 | D:10     | Killed snetch's ghost
 33258 | D:10     | Your ally Oreg died
 33456 | D:10     | Identified the +0 robe of Qatis {rPois}
 33902 | Snake:2  | Your ally Morguth died
 35338 | Snake:2  | Reached skill level 15 in Invocations
 35406 | Snake:2  | Reached skill level 17 in Fighting
 35758 | Snake:3  | Found a white marble altar of Elyvilon.
 37394 | Snake:4  | Entered Level 4 of the Snake Pit
 37394 | Snake:4  | Noticed Asterion
 37403 | Snake:4  | Killed Asterion
 37767 | Snake:4  | Gained Borgoth as an ally
 37768 | Snake:4  | Your ally Borgoth died
 38381 | Snake:4  | Reached XP level 18. HP: 139/170 MP: 29/29
 38414 | Snake:4  | Reached skill level 10 in Axes
 39075 | Snake:4  | Got a serpentine rune of Zot
 39667 | Snake:4  | Noticed Vashnia
 39815 | Shoals:1 | Entered Level 1 of the Shoals
 40185 | Shoals:1 | Reached skill level 18 in Fighting
 41058 | Shoals:1 | Gained Harm as an ally
 41533 | Shoals:2 | You fall into a shaft and drop 1 floor!
 41947 | Shoals:2 | Your ally Harm died
 42006 | Shoals:2 | Gained Bogdar as an ally
 42047 | Shoals:2 | Your ally Bogdar died
 42898 | Shoals:3 | Noticed Ilsuiw
 43507 | Shoals:3 | Killed Ilsuiw
 43949 | Shoals:4 | Entered Level 4 of the Shoals
 44073 | Shoals:4 | Paralysed by an air elemental for 1 turns
 44083 | Shoals:4 | Paralysed by an air elemental for 1 turns
 44095 | Shoals:4 | Reached XP level 19. HP: 90/180 MP: 31/31
 44394 | Shoals:4 | Paralysed by an air elemental for 1 turns
 44469 | Shoals:4 | Paralysed by an air elemental for 1 turns
 44628 | Shoals:4 | Paralysed by an air elemental for 1 turns
 44774 | Shoals:4 | Paralysed by an air elemental for 1 turns
 44778 | Shoals:4 | Paralysed by an air elemental for 1 turns
 44792 | Shoals:4 | Paralysed by an air elemental for 1 turns
 44795 | Shoals:4 | Paralysed by an air elemental for 1 turns
 45288 | Shoals:4 | Paralysed by an air elemental for 1 turns
 45294 | Shoals:4 | Paralysed by an air elemental for 1 turns
 45529 | Shoals:4 | Identified the +7 whip of Gyselon {flame, rCorr Str+4
                  | Dex-3}
 45600 | Shoals:4 | Gained Nordag as an ally
 45600 | Shoals:4 | Gained Wardok as an ally
 45600 | Shoals:4 | Gained Margrim as an ally
 45601 | Shoals:4 | Your ally Margrim died
 45604 | Shoals:4 | Your ally Nordag died
 45721 | Shoals:4 | Identified the ring "Ahunny" {rElec Will+ Str-4 SInv}
 46387 | Shoals:4 | Got a barnacled rune of Zot
 46746 | Elf:1    | Entered Level 1 of the Elven Halls
 46761 | Orc:2    | Gained Margrim as an ally
 46880 | Elf:1    | Gained Arbolt as an ally
 46881 | Elf:1    | Reached skill level 19 in Fighting
 46882 | Orc:2    | Gained Margrim as an ally
 47119 | Elf:1    | Your ally Arbolt died
 47120 | Elf:1    | Your ally Margrim died
 47493 | Elf:1    | Paralysed by an air elemental for 1 turns
 47493 | Elf:1    | Your ally Margrim died
 47814 | Elf:1    | Gained Bladwarg as an ally
 48080 | Elf:1    | Your ally Bladwarg died
 48527 | Elf:1    | Gained Herok as an ally
 49382 | Elf:2    | Found a runed translucent gate.
 49383 | Elf:2    | Found a runed translucent gate.
 49385 | Elf:2    | Found a runed translucent gate.
 50205 | Slime:1  | Entered Level 1 of the Pits of Slime
 50868 | Slime:1  | Reached XP level 20. HP: 112/191 MP: 33/33
 50870 | Slime:1  | Gained Spirok as an ally
 51812 | Vaults:1 | Entered Level 1 of the Vaults
 51851 | Vaults:1 | Your ally Spirok died
 51853 | Vaults:1 | Your ally Herok died
 51878 | Vaults:1 | Cast into level 3 of the Abyss (a wizard)
 51965 | Abyss:3  | Gained mutation: You are frail. (-10% HP) [a neqoxec]
 52121 | Abyss:4  | Killed from afar by a hellion

Illustrated notes

Levels and vault maps discovered:
D:1:      ncdulo_halloftheorcs, layout_basic
D:2:      layout_rooms, uniq_robin, uniq_sigmund, uniq_crazy_yiuf_cottage
D:3:      layout_basic, mainiacjoe_overflow_catwalk, corexii_leaking_fountain,
          chequers_serial_rivers_room_b, minivault_27
D:4:      layout_basic, grunt_temple_overflow_open, uniq_grinder
D:5:      layout_loops_ring, minmay_temple_entry_ruins, serial_bayou,
          serial_bayou_lagoon_a, serial_bayou_pond_d, serial_bayou_lagoon_b,
          serial_bayou_crossing, portal_sewer_entry_f, minmay_joined_circles
D:6:      layout_rooms, lemuel_doored_altar, chequers_serial_rivers_micro_c,
          uniq_duvessa
D:7:      layout_cave_pools, nicolae_elevator_lobby_plus
D:8:      layout_cave_pods, uniq_joseph
D:9:      layout_basic, lair_entry_dummy, orc_0_dummy
D:10:     layout_irregular_city, kennysheep_little_box, nzn_ghost_randoct,
          serial_shops, shop
D:11:     layout_big_octagon, portal_ice_cave_entry_pillars_1,
          gauntlet_entry_generic
D:12:     layout_cave_pools
D:13:     layout_irregular_city, david_vaults_1,
          nicolae_gozag_cash_rules_everything_around_me, uniq_erolcha
D:14:     layout_roguey, nicolae_vehumet_altar_sigil, uniq_rupert
D:15:     grunt_enter_depths_giant_problem, layout_grid_maze,
          nzn_wu_jian_contemplation, argonaut_gorgonesque
Lair:1:   layout_cave_pods, lemuel_fruit_fields, grunt_megastairs_3
Lair:2:   layout_regular_city, evilmike_ambush [evilmike_ambush_outer_basic,
          evilmike_ambush_inner_basic], serial_bayou_shore_b
Lair:3:   layout_gridlike, basic_altar, guppyfry_lair_drakes,
          grunt_megastairs_5, infiniplex_staircase_pool
Lair:4:   layout_cave_shapes, elwin_shoals_entry_rocks,
          minmay_snake_entry_six_corridors
Lair:5:   layout_cave_pods, minmay_slime_entry_oklob_enclosed,
          serial_bayou_shore_b, lemuel_fruit_fields
Lair:6:   minmay_lair_end_frog_pond, layout_long_grid
Shoals:1: layout_shoals, st_shoals_ruin
Shoals:2: layout_shoals, nicolae_shoals_square_sea_wall
Shoals:3: nicolae_shoals_island_circles, layout_shoals, uniq_ilsuiw
Shoals:4: shoals_end_hellmonk_storm_palace [storm_palace_center_square,
          storm_palace_corner_reverse_hut, storm_palace_corner_narrow,
          storm_palace_corner_narrow, storm_palace_corner_pillars]
Snake:1:  cheibrodos_forgotten_conduit, layout_rooms, serial_shops, shop,
          grunt_megastairs_2, uniq_aizul
Snake:2:  layout_rooms
Snake:3:  layout_chambers, basic_altar, lemuel_fruit_tree
Snake:4:  johnstein_snake_rune_scales, layout_grid_shapes, special_room,
          serial_bayou_shore_a, uniq_vashnia, uniq_asterion
Slime:1:  layout_caves
Orc:1:    layout_caves, serial_shops, nicolae_square_shop, shop_fountains,
          nicolae_shop_waterfront, basic_altar
Orc:2:    grunt_orc_community_town_hall, layout_caves,
          grunt_orc_community_big_house_1, grunt_orc_community_big_house_1,
          grunt_orc_community_house_3, grunt_orc_community_house_2,
          grunt_orc_community_house_3, grunt_orc_community_house_1,
          grunt_orc_community_house_2, grunt_orc_community_house_2,
          minmay_orc_barracks
Elf:1:    minmay_elf_arrival_plus, layout_geoelf_grid,
          portal_desolation_entry_twin_temple, hangedman_elf_represent
Elf:2:    elven_hall_of_blades_hangedman_original [mumra_blade_entry_bloodbath],
          layout_onion_city, grunt_ministairs_10
Vaults:1: v_misc_1, ontoclasm_vaults_twist, vaults_room_grid,
          vaults_room_ringed_pool, vaults_mumra_chevron, nicolae_vaults_big_ls,
          vaults_room_grunt_arrival_ludios, hangedman_vaults_nails,
          nicolae_vaults_circle_grid_b, layout_vaults_omnigrid
Depths:1: layout_cave_pools, enter_ziggurat_d, hell_entry,
          minmay_hollow_rounded_squares, serial_bayou_shore_b
Abyss:4:  base: Elf:2, hangedman_cross_veins, minivault_28, patterned_corridor

Skill      XL: |  1  2  3  4  5  6  7  8  9 10 11 12 13 14 15 16 17 18 19 |
---------------+----------------------------------------------------------+-----
Axes           | 3 7 9 11 13 | 13.9
Fighting       | 4 5 7 8 9 10 11 12 14 15 16 17 18 19 | 19.6
Maces & Flails | 2 3 5 7 9 11 12 14 15 | 15.8
Armour         | 4 5 6 7 8 9 10 11 13 14 15 16 17 18 | 18.1
Shields        | 4 5 6 7 8 9 11 13 14 15 16 17 18 | 18.2
Invocations    | 2 6 8 10 12 14 15 17 18 | 18.5

Action                   |  1- 3 |  4- 6 |  7- 9 | 10-12 | 13-15 | 16-18 | 19-21 || total
-------------------------+-------+-------+-------+-------+-------+-------+-------++-------
Melee: War axe           |    66 |       |       |       |       |       |       ||    66
       Mace              |     2 |    90 |    96 |   179 |       |       |       ||   367
       Demon whip        |       |       |   173 |       |       |       |       ||   173
       Eveningstar       |       |       |       |   207 |   606 |   753 |   407 ||  1973
       Kick              |       |       |       |    39 |   220 |     9 |       ||   268
       Broad axe         |       |       |       |       |       |   163 |    23 ||   186
Throw: Javelin           |       |       |     1 |       |       |       |       ||     1
       Boomerang         |       |       |     8 |     6 |       |       |       ||    14
Invok: Convert to Beogh  |       |       |     1 |       |       |       |       ||     1
       Smiting           |       |       |       |       |    17 |    26 |    22 ||    65
       Give Item to Name |       |       |       |       |     5 |     4 |     4 ||    13
       Recall Orcish Fol |       |       |       |       |     1 |     4 |     3 ||     8
Evoke: Wand              |       |       |    12 |     4 |     2 |     7 |       ||    25
       Condenser vane    |       |       |       |       |     1 |     4 |     1 ||     6
       Lightning rod     |       |       |       |       |     1 |     7 |     1 ||     9
       Tin of tremorston |       |       |       |       |       |     3 |       ||     3
  Use: Potion            |     2 |       |     1 |     5 |     4 |     3 |     9 ||    24
       Scroll            |     1 |     6 |    15 |     8 |     8 |     9 |     7 ||    54
 Stab: Distracted        |       |       |       |     2 |    12 |    15 |     4 ||    33
       Confused          |       |       |       |       |     2 |       |       ||     2
Armor: Scale mail        |    29 |    43 |    72 |   116 |   134 |       |   141 ||   535
       Ring mail         |       |       |    21 |    62 |       |       |       ||    83
       Plate armour      |       |       |       |       |   113 |       |       ||   113
       Crystal plate arm |       |       |       |       |    52 |   623 |   213 ||   888
Dodge: Dodged            |    25 |    39 |    63 |   153 |   156 |   103 |   112 ||   651
Block: Buckler           |    18 |    20 |    51 |   109 |    84 |       |       ||   282
       Tower shield      |       |       |       |       |   232 |   983 |   487 ||  1702
       Reflection        |       |       |       |       |       |    98 |    36 ||   134

Table legend: (Time is in decaauts)
 A = Elapsed time spent in this place.
 B = Non-inter-level travel time spent in this place.
 C = Inter-level travel time spent in this place.
 D = Time resting spent in this place.
 E = Time spent auto-exploring this place.
 F = Levels seen in this place.
 G = Mean time per level.
                   A        B        C        D        E       F      G
               +--------+--------+--------+--------+--------+-----+--------+
         Total |  51907 |  49627 |   2280 |  16935 |  21825 |  40 | 1297.7 |
       Dungeon |  17041 |  16187 |    854 |   3645 |   9130 |  15 | 1136.1 |
          Lair |  11054 |  10192 |    862 |   3901 |   4364 |   6 | 1842.3 |
        Shoals |   6363 |   6245 |    118 |   2157 |   2811 |   4 | 1590.8 |
     Snake Pit |   8183 |   7930 |    253 |   3479 |   2846 |   4 | 2045.8 |
    Slime Pits |    129 |    129 |      0 |      9 |      0 |   1 |  129.0 |
  Orcish Mines |   3093 |   2962 |    131 |    802 |   1240 |   2 | 1546.5 |
   Elven Halls |   2715 |   2657 |     58 |   1356 |    663 |   2 | 1357.5 |
        Vaults |     62 |     62 |      0 |      0 |      0 |   1 |   62.0 |
        Depths |   1683 |   1683 |      0 |    824 |    452 |   1 | 1683.0 |
         Abyss |    221 |    221 |      0 |     94 |      0 |   2 |  110.5 |
         Sewer |    234 |    234 |      0 |    112 |     46 |   1 |  234.0 |
      Ice Cave |   1123 |   1123 |      0 |    555 |    272 |   1 | 1123.0 |
               +--------+--------+--------+--------+--------+-----+--------+

Top non-repeatable levels by time:
  Lair:5: 3420 daAuts
 Snake:1: 3049 daAuts
    D:15: 2498 daAuts
 Snake:3: 2449 daAuts
   Elf:1: 2322 daAuts
Shoals:4: 2156 daAuts
  Lair:3: 1963 daAuts
   Orc:2: 1860 daAuts
Depths:1: 1683 daAuts
 Snake:4: 1670 daAuts
     D:9: 1635 daAuts
     D:5: 1603 daAuts
  Lair:4: 1590 daAuts
Shoals:3: 1514 daAuts
  Lair:2: 1474 daAuts
